 Dungeon Crawl Stone Soup version 0.19.1 (webtiles) character file.

6 M4edhros the Grave Robber (level 1, -8/11 HPs)
             Began as an Octopode Necromancer on Dec 13, 2016.
             Killed from afar by Banto's ghost (12 damage)
             ... with a stone arrow
             ... on level 3 of the Dungeon.
             The game lasted 00:00:44 (215 turns).

M4edhros the Grave Robber (Octopode Necromancer)     Turns: 215, Time: 00:00:45

Health: -8/11      AC:  1    Str:  7    XL:     1   Next: 90%
Magic:  3/3        EV: 13    Int: 17    God:
Gold:   58         SH:  0    Dex: 12    Spells: 2 memorised, 2 levels left

rFire  . . .     SeeInvis .     h - +1 dagger (speed)
rCold  . . .     Gourm    .     (no shield)
rNeg   . . .     Faith    .     (helmet restricted)
rPois  .         Spirit   .     (no amulet)
rElec  .         Reflect  .     (no ring)
rCorr  .         Harm     .     (no ring)
MR     .....                    (no ring)
Stlth  +++.......               (no ring)
                                (no ring)
                                (no ring)
                                (no ring)
                                (no ring)

@: no status effects
A: almost no armour, stealthy swim, amphibious, 8 rings, constrict 8, camouflage
1, gelatinous body 1
a: no special abilities


You were on level 3 of the Dungeon.
You were not hungry.

You visited 1 branch of the dungeon, and saw 3 of its levels.

You collected 58 gold pieces.

Inventory:

Hand Weapons
 e - a +0 hunting sling
 h - a +1 dagger of speed (weapon)
Missiles
 f - 43 stones (quivered)
Scrolls
 c - a scroll of immolation {unknown}
 d - a scroll of identify {unknown}
Books
 a - a book of Necromancy

   Spells                             Type                      Level
   a - Pain                           Necromancy                   1
   b - Animate Skeleton               Necromancy                   1
   c - Vampiric Draining              Necromancy                   3
   d - Regeneration                   Charms/Necromancy            3
   e - Animate Dead                   Necromancy                   4
   f - Control Undead                 Necromancy                   4
Comestibles
 b - a bread ration
 g - a chunk of flesh


   Skills:
 - Level 2.0 Dodging
 - Level 2.6 Stealth
 + Level 1.4 Unarmed Combat
 - Level 2.0 Spellcasting
 - Level 4.0 Necromancy


You had 2 spell levels left.
You knew the following spells:

 Your Spells              Type           Power        Failure   Level  Hunger
a - Pain                  Necr           ###.         3%          1    #......
b - Animate Skeleton      Necr           N/A          3%          1    #......


Dungeon Overview and Level Annotations

Branches:
Dungeon (3/15)

Altars:

Annotations:
D:3 Banto's ghost, amateur OpEE


Innate Abilities, Weirdness & Mutations

You cannot wear most types of armour.
You are very stealthy in the water. (Stealth+)
You are amphibious.
You can wear up to eight rings at the same time.
You can use your tentacles to constrict eight enemies at once.
Your skin changes colour to match your surroundings (Stealth+).
Your rubbery body absorbs attacks. (AC +1, EV +1)


Message History

You now have 46 gold pieces (gained 9).
f - 43 stones (gained 18)
You now have 58 gold pieces (gained 12).
There is a stone staircase leading down here.
You climb downwards.
A worm and a hobgoblin come into view.
Found a runed dagger.
Found an escape hatch in the ceiling.
There is a stone staircase leading up here.
You see here a runed dagger.
h - a runed dagger Wield which item (- for none, * to show all)? (? for menu, Esc to quit)
Your tentacles tingle!
h - a +1 dagger of speed (weapon)
Banto's ghost (amateur Octopode Earth Elementalist) comes into view.
It is wielding a weapon of freezing.
Banto's ghost turns its malevolent gaze towards you.
Banto's ghost says, "A rolling stone gathers plenty of M4edhros."
Banto's ghost casts a spell at you. The stone arrow hits you!
Ouch! That really hurt!
You die...

#####.#
#.# #.#
#.# #.#
#.# #.#
#.# #@#
#.# #.#
#.# #W#
..# #.#
...


You could see Banto's ghost.

Vanquished Creatures
  A giant cockroach (D:2)
  A hobgoblin (D:1)
  A kobold (D:2)
  A bat (D:2)
  A frilled lizard (D:2)
  A goblin (D:2)
6 creatures vanquished.

Notes
Turn   | Place    | Note
-------+----------+-------------------------------------------
     0 | D:1      | M4edhros the Octopode Necromancer began the quest for the Orb.
     0 | D:1      | Reached XP level 1. HP: 11/11 MP: 3/3
    68 | D:2      | Learned a level 1 spell: Animate Skeleton
   121 | D:2      | Reached skill level 1 in Unarmed Combat
   214 | D:3      | Noticed Banto's ghost (amateur OpEE)
   215 | D:3      | Killed from afar by Banto's ghost

Skill      XL: |  1 |
---------------+----+-----
Unarmed Combat | 1 |  1.4
Dodging        | |  2.0
Stealth        | |  2.6
Spellcasting   | |  2.0
Necromancy     | |  4.0

Action                   || total
-------------------------++-------
Melee: Unarmed           ||    26
       Constrict         ||     2
       Tentacles         ||     2
 Stab: Sleeping          ||     2
Armor: Skin              ||     1
Dodge: Dodged            ||    19
